 Dungeon Crawl Stone Soup version 0.28-a0-1130-gc51a68064b (webtiles) character file.

Game seed: 5159477527956997838

51 avis the Ruffian (level 3, -2/29 HPs)
             Began as a Hill Orc Transmuter on Dec 13, 2021.
             Slain by Natasha (3 damage)
             ... on level 2 of the Dungeon.
             The game lasted 00:05:50 (2021 turns).

avis the Ruffian (Hill Orc Transmuter)              Turns: 2021, Time: 00:05:51

Health: -2/29      AC:  3    Str: 14    XL:     3   Next: 81%
Magic:  5/5        EV: 11    Int: 13    God:
Gold:   36         SH:  0    Dex: 11    Spells: 4/5 levels left

rFire   + . .      SeeInvis .     - Unarmed
rCold   + . .      Faith    .   (no shield)
rNeg    . . .      Spirit   .   c - +0 leather armour
rPois   +          Reflect  .   (no helmet)
rElec   +          Harm     .   (no cloak)
rCorr   +          Rampage  .   (no gloves)
Will    .....                   (no boots)
Stlth   +.........              (no amulet)
HPRegen 0.09/turn               (no ring)
MPRegen 0.09/turn               (no ring)

@: resistant
A: no striking features
a: no special abilities


You were on level 2 of the Dungeon.
You visited 1 branch of the dungeon, and saw 2 of its levels.

You collected 36 gold pieces.

Inventory:

Hand Weapons
 b - a +0 hunting sling
Missiles
 d - 72 stones
Armour
 a - a +0 robe
 c - a +0 leather armour (worn)
 h - a +0 chain mail
Scrolls
 g - a scroll of vulnerability {unknown}
 i - 2 scrolls of identify {unknown}
Potions
 e - a potion of curing {unknown}
 f - a potion of resistance
 j - a potion of haste {unknown}


   Skills:
 * Level 1.7 Fighting
 - Level 1.5 Dodging
 - Level 5.0 Unarmed Combat
 - Level 1.5 Spellcasting
 - Level 1.3 Transmutations


You had 4 spell levels left.
You knew the following spells:

 Your Spells              Type           Power      Damage    Failure   Level
a - Beastly Appendage     Tmut           8%         N/A       19%         1

Your spell library contained the following spells:

 Spells                   Type           Power      Damage    Failure   Level
 Wereblood                Tmut           4%         N/A       28%         2
 Spider Form              Tmut/Pois      2%         N/A       58%         3
 Ice Form                 Ice/Tmut       2%         N/A       94%         4


Dungeon Overview and Level Annotations

Branches:
Dungeon (2/15)

Altars:

Annotations:
D:2 Natasha


Message History

You are now empty-handed.
You hit Natasha.
Natasha is moderately wounded.
Natasha mumbles some strange words.
You feel troubled. Natasha claws you but does no damage.
You closely miss Natasha.
Natasha is moderately wounded.
Natasha claws you!
You hit Natasha.
Natasha is severely wounded.
Natasha claws you.
You closely miss Natasha.
Natasha is severely wounded.
Natasha claws you.
You closely miss Natasha.
Natasha is severely wounded.
Natasha claws you.
You completely miss Natasha.
Natasha is severely wounded.
Natasha claws you.
You hit Natasha.
Natasha is severely wounded.
You barely miss Natasha.
Natasha is severely wounded.
Natasha mewls in sadness.
Natasha claws you!
* * * LOW HITPOINT WARNING * * *
You hit Natasha.
Natasha is severely wounded.
Natasha claws you!
* * * LOW HITPOINT WARNING * * *
Unknown command.
You hit Natasha but do no damage.
Natasha is severely wounded.
Natasha barely misses you.
It was a potion of resistance.
You feel protected. Natasha claws you.
You die...

.... #..# #..#.
#..# ..... #..#
...# ## ##..# #.#.
...#..# ##.#..# #
#<....# #.#
#.###(####### ..#
####.##..h@....#
..#
...#..##.######.#
#.# #.#.#.#.#.#####
..................#
#.#.#.#.#.#.#.###.#
...............#
#.#.#.#.#.#.#.##
)...............
#.#.#.#.#.#.# #..


You could see Natasha.

Vanquished Creatures
  A worm (D:2)
  2 dart slugs
  3 ball pythons
  7 bats
  3 endoplasms (D:1)
  2 giant cockroaches
  7 goblins
  4 hobgoblins (D:1)
  2 jackals (D:1)
  2 quokkas (D:1)
  6 rats
39 creatures vanquished.

Notes
Turn   | Place    | Note
-------+----------+-------------------------------------------
     0 | D:1      | avis the Hill Orc Transmuter began the quest for the Orb.
     0 | D:1      | Reached XP level 1. HP: 16/16 MP: 3/3
   297 | D:1      | Reached XP level 2. HP: 22/23 MP: 4/4
   332 | D:1      | Reached skill level 4 in Unarmed Combat
   704 | D:1      | Reached XP level 3. HP: 4/28 MP: 5/5
  1827 | D:2      | Reached skill level 5 in Unarmed Combat
  2006 | D:2      | Noticed Natasha
  2019 | D:2      | HP: 1/29 [Natasha (7)]
  2021 | D:2      | Slain by Natasha

Illustrated notes

Levels and vault maps discovered:
D:1:      saegor_arrival_fortress, layout_loops_ring
D:2:      layout_basic, ebering_ecumenical_altar_hall, st_stairs_12,
          hex_intersection, guppyfry_early_lair_pool, uniq_natasha

Skill      XL: |  1  2  3 |
---------------+----------+-----
Unarmed Combat | 4 5 |  5.0
Fighting       | |  1.7
Dodging        | |  1.5
Spellcasting   | |  1.5
Transmutations | |  1.3

Action                   || total
-------------------------++-------
Melee: Unarmed           ||   130
       Punch             ||     1
 Fire: Hunting sling     ||    23
  Use: Potion            ||     1
Armor: Leather armour    ||    32
Dodge: Dodged            ||    62

Table legend: (Time is in decaauts)
 A = Elapsed time spent in this place.
 B = Non-inter-level travel time spent in this place.
 C = Inter-level travel time spent in this place.
 D = Time resting spent in this place.
 E = Time spent auto-exploring this place.
 F = Levels seen in this place.
 G = Mean time per level.
                   A        B        C        D        E       F      G
               +--------+--------+--------+--------+--------+-----+--------+
         Total |   2008 |   1828 |    180 |    445 |    985 |   2 | 1004.0 |
       Dungeon |   2008 |   1828 |    180 |    445 |    985 |   2 | 1004.0 |
               +--------+--------+--------+--------+--------+-----+--------+

Top non-repeatable levels by time:
     D:1: 1617 daAuts
     D:2: 391 daAuts
